 Dungeon Crawl Stone Soup version 0.29.0-4-gdea44cf6ec (webtiles) character file.

Game seed: 12210347984792165836

275 qw the Chopper (level 6, -6/48 (51) HPs)
             Began as a Minotaur Fighter on Sept 7, 2022.
             Killed from afar by Dowan (19 damage)
             ... with a shard of ice
             ... on level 4 of the Dungeon.
             The game lasted 00:01:15 (3119 turns).

qw the Chopper (Minotaur Fighter)                   Turns: 3119, Time: 00:01:15

HP:   -6/48 (51)    AC: 12    Str: 29    XL:     6   Next: 3%
MP:   5/5           EV:  7    Int:  5    God:
Gold: 211           SH:  4    Dex:  9    Spells: 5/5 levels left

rFire   . . .      SeeInvis .   Y - +1 war axe (venom)
rCold   . . .      Faith    .   c - +0 buckler
rNeg    . . .      Spirit   .   a - +0 plate armour
rPois   .          Reflect  .   j - +1 hat
rElec   .          Harm     .   (no cloak)
rCorr   .          Rampage  .   (no gloves)
Will    .....                   (no boots)
Stlth   ..........              (no amulet)
HPRegen 0.16/turn               k - +6 ring of strength
MPRegen 0.09/turn               (no ring)

@: lit by a corona, glowing, drained
A: horns 2, retaliatory headbutt
a: no special abilities


You were on level 4 of the Dungeon.
You visited 1 branch of the dungeon, and saw 4 of its levels.

You collected 211 gold pieces.


Innate Abilities, Weirdness & Mutations

You have a pair of horns on your head.
You reflexively headbutt those who attack you in melee.


   Skills:
 + Level 3.6 Fighting
 - Level 7.5 Axes
 - Level 3.6 Armour
 - Level 1.0 Dodging
 - Level 3.6 Shields


You had 5 spell levels left.
You didn't know any spells.
Your spell library was empty.

Inventory:

Hand Weapons
 n - a +0 flail
 Y - a +1 war axe of venom (weapon)
Armour
 a - a +0 plate armour (worn)
 c - a +0 buckler (worn)
 j - a +1 hat (worn)
Jewellery
 k - a +6 ring of strength (left hand)
Potions
 d - 2 potions of might
 e - a potion of attraction {unknown}
 f - a potion of cancellation {unknown}
 g - a potion of lignification {unknown}
 h - a potion of mutation {unknown}
 i - a potion of degeneration {unknown}
 l - a potion of curing {unknown}

Dungeon Overview and Level Annotations

Branches:
Dungeon (4/15)
 Temple: D:4-7

Altars:
Nemelex Xobeh
Okawaru

Annotations:
D:2 1 runed translucent door, Crazy Yiuf
D:4 Dowan


Message History

Dowan hits you with a +0 dagger of draining.
You feel drained. Duvessa hits you but does no damage.
You slash Duvessa!
Duvessa looks as sick as possible!
You headbutt Duvessa, but do no damage.
Duvessa is severely wounded.
You barely miss Dowan. Dowan casts a spell at you.
You are outlined in light.
Duvessa hits you with a +0 short sword.
You slash Duvessa!
You kill Duvessa!
Dowan's eyes darken. "You have made a black mistake."
Dowan seems to find hidden reserves of power!
You closely miss Dowan. Dowan hits you but does no damage.
You feel drained. You block Dowan's attack.
Your life force feels restored.
Your Axes skill increases to level 7!
You have reached level 6!
You miss Dowan. Your headbutt misses Dowan.
Dowan is heavily wounded.
Dowan casts a spell at you. The shard of ice misses you.
Dowan hits you but does no damage.
You feel drained.
You closely miss Dowan. Your headbutt misses Dowan.
Dowan is heavily wounded.
Dowan hits you but does no damage.
You feel drained.
Dowan hits you with a +0 dagger of draining.
You feel drained.
You closely miss Dowan. You headbutt Dowan, but do no damage.
Dowan is severely wounded.
Dowan barely misses you. You furiously retaliate!
You headbutt Dowan! You closely miss Dowan.
Dowan is almost dead.
Dowan casts a spell.
Dowan blinks!
Dowan casts a spell at you. The shard of ice hits you!
You barely miss Dowan. Your headbutt misses Dowan.
Dowan is almost dead.
Dowan casts a spell at you. The shard of ice hits you!!
You die...

.# . #. .. #. ...
#.. ....
#..######....
#..).........
#..)......... #.#
#####@....... #.#
#e####### #.# #[#
#.#############.#
#...............#
#.####.##.#######
#.# #.##.#
##.####.##.##
........#...######


You could see Dowan (fast, poisoned).

Vanquished Creatures
  Duvessa (D:4)
  An orc priest (D:3)
  An orc wizard (D:3)
  3 adders
  2 worms (D:2)
  4 dart slugs
  4 orcs (D:3)
  7 ball pythons
  7 endoplasms
  7 giant cockroaches
  5 goblins
  8 hobgoblins
  7 kobolds
  4 bats
  4 frilled lizards
  6 rats
71 creatures vanquished.

Notes
Turn   | Place    | Note
-------+----------+-------------------------------------------
     0 | D:1      | qw the Minotaur Fighter began the quest for the Orb.
     0 | D:1      | Reached XP level 1. HP: 19/19 MP: 0/0
     0 | D:1      | 0 ||| qw: Version: 0.1-a-108-g9e35731
     0 | D:1      | 0 ||| qw: Game counter: 6515
     0 | D:1      | 0 ||| qw: Always use a shield: true
     0 | D:1      | 0 ||| qw: God list: Ru
     0 | D:1      | 0 ||| qw: Allow faded altars: false
     0 | D:1      | 0 ||| qw: Do Orc after D:15 true
     0 | D:1      | 0 ||| qw: Do second Lair branch before Depths: true
     0 | D:1      | 0 ||| qw: Lair rune preference: random
     0 | D:1      | 0 ||| qw: Plans: Normal
     0 | D:1      | 0 ||| PLANNING D:1-11
    82 | D:1      | 82 ||| Stepping ~*~*~tactically~*~*~ (stealth).
    83 | D:1      | 83 ||| Stepping ~*~*~tactically~*~*~ (stealth).
    86 | D:1      | 86 ||| Stepping ~*~*~tactically~*~*~ (stealth).
    87 | D:1      | 87 ||| Stepping ~*~*~tactically~*~*~ (stealth).
   113 | D:1      | Reached skill level 3 in Axes
   251 | D:1      | Reached XP level 2. HP: 26/26 MP: 1/1
   259 | D:1      | 259 ||| Stepping ~*~*~tactically~*~*~ (hiding).
   454 | D:1      | 454 ||| Stepping ~*~*~tactically~*~*~ (stealth).
   509 | D:1      | Reached skill level 4 in Axes
   814 | D:1      | Reached XP level 3. HP: 31/31 MP: 2/2
  1219 | D:1      | Found a faded altar of an unknown god.
  1299 | D:1      | 1299 ||| UPGRADING to +6 ring of strength.
  1300 | D:1      | 1300 ||| READING scroll labelled ETZEGE YTELIPT.
  1301 | D:1      | 1301 ||| READING scroll labelled DITZAESAEK.
  1302 | D:1      | 1302 ||| READING scroll labelled EFRY NOURIDIS.
  1303 | D:1      | 1303 ||| READING scroll labelled JUFUV VIDULUYV.
  1331 | D:2      | 1331 ||| STAIRDANCE
  1340 | D:2      | 1340 ||| Stepping ~*~*~tactically~*~*~ (stealth).
  1343 | D:2      | 1343 ||| Stepping ~*~*~tactically~*~*~ (stealth).
  1344 | D:2      | 1344 ||| Stepping ~*~*~tactically~*~*~ (stealth).
  1519 | D:2      | Reached skill level 5 in Axes
  1650 | D:2      | Reached skill level 1 in Dodging
  1653 | D:2      | Reached XP level 4. HP: 35/39 MP: 3/3
  1781 | D:2      | 1781 ||| DROPPING +0 club.
  1865 | D:2      | Found a runed translucent door.
  1866 | D:2      | Noticed Crazy Yiuf
  1950 | D:2      | 1950 ||| UPGRADING to +0 plate armour.
  1960 | D:2      | 1960 ||| DROPPING +0 scale mail.
  1961 | D:2      | 1961 ||| UPGRADING to +1 hat.
  1966 | D:2      | 1966 ||| READING scroll labelled JOKHLA CAPA.
  2067 | D:2      | 2067 ||| READING scroll labelled NERCHO DEKOE.
  2068 | D:2      | 2068 ||| READING scroll labelled UWES TILACE.
  2203 | D:3      | 2203 ||| Stepping ~*~*~tactically~*~*~ (stealth).
  2224 | D:3      | Found a sparkling altar of Nemelex Xobeh.
  2244 | D:3      | Found an iron altar of Okawaru.
  2252 | D:3      | Reached skill level 6 in Axes
  2252 | D:3      | Reached XP level 5. HP: 36/45 MP: 4/4
  2501 | D:3      | 2501 ||| Stepping ~*~*~tactically~*~*~ (stealth).
  2928 | D:3      | 2928 ||| READING scroll labelled SOECAH ESTO.
  2929 | D:3      | 2929 ||| READING scroll labelled XUMOCROWKE.
  2930 | D:3      | 2930 ||| READING scroll labelled LAIGRE GAKKAFF.
  3102 | D:4      | Identified the +0 ring mail of Failure {Fly rPois rN+
                  | Str-3}
  3106 | D:4      | Noticed Duvessa
  3106 | D:4      | Noticed Dowan
  3113 | D:4      | Killed Duvessa
  3114 | D:4      | Reached skill level 7 in Axes
  3114 | D:4      | Reached XP level 6. HP: 31/51 MP: 5/5
  3119 | D:4      | Killed from afar by Dowan

Levels and vault maps discovered:
D:1:      minmay_arrival_stair_chambers, layout_basic,
          hellmonk_ecumenical_altar_inner_sanctum
D:2:      layout_rooms, uniq_crazy_yiuf_cottage
D:3:      layout_basic, nemelex_dance_club_becter, okawaru_gym_becter
D:4:      layout_loops_ring, amcnicky_altar_gilded, uniq_duvessa

Skill      XL: |  1  2  3  4  5 |
---------------+----------------+-----
Axes           | 3 4 5 6 7 |  7.5
Dodging        | 1 |  1.0
Fighting       | |  3.6
Armour         | |  3.6
Shields        | |  3.6

Action                   |  1- 3 |  4- 6 || total
-------------------------+-------+-------++-------
Melee: War axe           |    90 |    56 ||   146
       Headbutt          |    11 |     8 ||    19
  Use: Scroll            |     4 |     6 ||    10
Armor: Scale mail        |    34 |       ||    34
       Plate armour      |       |    37 ||    37
Dodge: Dodged            |    32 |    16 ||    48
Block: Buckler           |    15 |     6 ||    21

Table legend:
 A = Non-vault XP
 B = Vault XP
 C = Vault XP percentage of total XP
 D = Non-vault monster count
 E = Vault monster count
 F = Vault count percentage of total count
                 A         B        C        D         E       F
            +---------+---------+-------+---------+---------+-------
      Total |     241 |     152 |  38.7 |      68 |       3 |   4.2
            +---------+---------+-------+---------+---------+-------
        D:1 |      50 |       0 |   0.0 |      28 |       0 |   0.0
        D:2 |      63 |       0 |   0.0 |      19 |       0 |   0.0
        D:3 |     108 |       5 |   4.4 |      16 |       2 |  11.1
        D:4 |      20 |     147 |  88.0 |       5 |       1 |  16.7
            +---------+---------+-------+---------+---------+-------
